 Dungeon Crawl Stone Soup version 0.29-a0-330-g52719c12eb (webtiles) character file.

Game seed: 3361973274423050723

81 Ajdolov the Shooter (level 4, -2/28 HPs)
             Began as a Tengu Hunter on Apr 22, 2022.
             Slain by a gnoll
             ... wielding a +0 flail
              (5 damage)
             ... on level 2 of the Dungeon.
             The game lasted 00:01:47 (1230 turns).

Ajdolov the Shooter (Tengu Hunter)                  Turns: 1230, Time: 00:01:48

Health: -2/28      AC:  4    Str: 11    XL:     4   Next: 40%
Magic:  5/5        EV: 12    Int: 10    God:
Gold:   97         SH:  0    Dex: 19    Spells: 3/3 levels left

rFire   . . .      SeeInvis .   a - +1 shortbow
rCold   . . .      Faith    .   (shield currently unavailable)
rNeg    . . .      Spirit   .   b - +0 leather armour
rPois   .          Reflect  .   (helmet restricted)
rElec   .          Harm     .   (no cloak)
rCorr   .          Rampage  .   d - +0 pair of gloves
Will    .....                   (boots unavailable)
Stlth   ++........              (no amulet)
HPRegen 0.09/turn               (no ring)
MPRegen 0.09/turn               (no ring)

@: no status effects
A: beak, talons 3
a: no special abilities


You were on level 2 of the Dungeon.
You visited 1 branch of the dungeon, and saw 2 of its levels.

You collected 97 gold pieces.

Inventory:

Hand Weapons
 a - a +1 shortbow (weapon)
Armour
 b - a +0 leather armour (worn)
 d - a +0 pair of gloves (worn)
Scrolls
 c - 2 scrolls of immolation
 e - 2 scrolls of enchant weapon {unknown}
 h - a scroll of identify {unknown}
 i - a scroll of magic mapping {unknown}
 k - a scroll of amnesia {unknown}
 l - a scroll of teleportation {unknown}
 n - a scroll of noise {unknown}
Potions
 f - a potion of mutation {unknown}
 g - a potion of cancellation {unknown}
 j - 3 potions of heal wounds {unknown}
 m - a potion of brilliance {unknown}


   Skills:
 + Level 3.0 Fighting
 * Level 5.8 Bows
 - Level 2.1 Dodging
 - Level 1.0 Stealth


You had 3 spell levels left.
You didn't know any spells.
Your spell library was empty.

Dungeon Overview and Level Annotations

Branches:
Dungeon (2/15)

Altars:
Sif Muna


Innate Abilities, Weirdness & Mutations

You have a beak for a mouth.
You have claws for feet.


Message History

A gnoll comes into view. It is wielding a +0 spear.
A gnoll comes into view. It is wielding a +0 club.
You shoot an arrow. The arrow barely misses the adder.
The gnoll shouts!
The endoplasm quivers.
A gnoll comes into view. It is wielding a +0 flail.
You shoot an arrow. The gnoll shouts!
The arrow hits the adder.
The adder is moderately wounded.
You shoot an arrow. The arrow hits the adder!
You kill the adder!
The gnoll misses you.
You shoot an arrow. The arrow hits the endoplasm.
The endoplasm is lightly wounded.
You shoot an arrow. The arrow hits the endoplasm.
You kill the endoplasm!
The gnoll closely misses you.
You shoot an arrow. The arrow hits the gnoll.
The gnoll is heavily wounded.
The gnoll hits you from afar with a +0 spear.
You shoot an arrow. The arrow hits the gnoll.
The gnoll is almost dead.
You shoot an arrow. The arrow closely misses the gnoll.
The arrow hits the gnoll!
You kill the gnoll!
Your Fighting skill increases to level 3!
You shoot an arrow. The arrow hits the gnoll!
The gnoll is severely wounded.
The gnoll hits you with a +0 flail! The gnoll closely misses you.
The gnoll attacks as you move away! The gnoll completely misses you.
You shoot an arrow.
The arrow hits the gnoll but does no damage.
The gnoll is severely wounded.
The gnoll closely misses you.
The gnoll hits you from afar with a +0 spear.
The gnoll hits you from afar with a +0 spear!
* * * LOW HITPOINT WARNING * * *
The gnoll hits you with a +0 flail.
You die...

#..####.# ##.##
#...gg..# #.#
#.####### #.# #.#
#+# #.## ... #..##
.... ##..## .....
##...####...>..
#....@ggg)?....
####...####......
#........# .....
#.##.#...# ....
#.##.....# ...
#.####...# +#
#.#####..# #
#.......)######.#
#######..)))....##


You could see 3 gnolls.

Vanquished Creatures
  Robin (D:2)
  A gnoll (D:2)
  An adder (D:2)
  A dart slug (D:2)
  7 endoplasms
  A giant cockroach (D:1)
  11 goblins
  7 hobgoblins
  2 quokkas
  2 ball pythons
  3 bats (D:1)
  2 frilled lizards (D:1)
  4 kobolds (D:1)
  A rat (D:1)
44 creatures vanquished.

Notes
Turn   | Place    | Note
-------+----------+-------------------------------------------
     0 | D:1      | Ajdolov the Tengu Hunter began the quest for the Orb.
     0 | D:1      | Reached XP level 1. HP: 12/12 MP: 2/2
    86 | D:1      | Reached XP level 2. HP: 16/17 MP: 3/3
   360 | D:1      | Reached skill level 5 in Bows
   393 | D:1      | Reached XP level 3. HP: 22/22 MP: 4/4
   564 | D:1      | Found a faded altar of an unknown god.
   863 | D:2      | Found a shimmering blue altar of Sif Muna.
   960 | D:2      | Noticed Robin
  1159 | D:2      | Killed Robin
  1166 | D:2      | Reached XP level 4. HP: 24/27 MP: 5/5
  1230 | D:2      | Slain by a gnoll

Illustrated notes

Levels and vault maps discovered:
D:1:      nicolae_arrival_somewhat_less_tricky_arrival, layout_rooms,
          shapermc_ecumenical_altar_mp_urbaneastern, minmay_tiny_reverse_x
D:2:      layout_loops_corners, basic_altar, uniq_robin

Skill      XL: |  1  2  3  4 |
---------------+-------------+-----
Bows           | 5 |  5.8
Fighting       | 3 |  3.0
Dodging        | |  2.1
Stealth        | |  1.0

Action                   |  1- 3 |  4- 6 || total
-------------------------+-------+-------++-------
 Fire: Shortbow          |    87 |    14 ||   101
Armor: Leather armour    |    13 |       ||    13
Dodge: Dodged            |    25 |     5 ||    30

Table legend: (Time is in decaauts)
 A = Elapsed time spent in this place.
 B = Non-inter-level travel time spent in this place.
 C = Inter-level travel time spent in this place.
 D = Time resting spent in this place.
 E = Time spent auto-exploring this place.
 F = Levels seen in this place.
 G = Mean time per level.
                   A        B        C        D        E       F      G
               +--------+--------+--------+--------+--------+-----+--------+
         Total |   1259 |   1235 |     24 |    155 |    845 |   2 |  629.5 |
       Dungeon |   1259 |   1235 |     24 |    155 |    845 |   2 |  629.5 |
               +--------+--------+--------+--------+--------+-----+--------+

Top non-repeatable levels by time:
     D:1: 741 daAuts
     D:2: 517 daAuts
